 Dungeon Crawl Stone Soup version 0.30-a0-389-g8d7d949f56 (webtiles) character file.

Game seed: 9890747901145388189

24 flotson the Sneak (level 2, -3/24 HPs)
             Began as a Demonspawn Delver on Dec 3, 2022.
             Slain by a worm (11 damage)
             ... on level 2 of the Dungeon.
             The game lasted 00:02:10 (558 turns).

flotson the Sneak (Demonspawn Delver)                Turns: 558, Time: 00:02:11

Health: -3/24      AC:  3    Str: 12    XL:     2   Next: 79%
Magic:  2/2        EV: 12    Int: 11    God:
Gold:   36         SH:  0    Dex: 14    Spells: 1/1 levels left

rFire   . . .      SeeInvis .    a - +0 spear
rCold   . . .      Faith    .    (no shield)
rNeg    . . .      Spirit   .    b - +0 leather armour
rPois   .          Reflect  .    (no helmet)
rElec   .          Harm     .    (no cloak)
rCorr   .          Rampage  .    (no gloves)
Will    .....                    (no boots)
Stlth   +++.......               (no amulet)
HPRegen 0.24/turn                (no ring)
MPRegen 0.08/turn                (no ring)

@: no status effects
A: foul stench 1
a: no special abilities


You were on level 2 of the Dungeon.
You visited 1 branch of the dungeon, and saw 4 of its levels.

You collected 36 gold pieces.

Inventory:

Hand Weapons
 a - a +0 spear (weapon)
Armour
 b - a +0 leather armour (worn)
Wands
 g - a wand of digging (3)
Scrolls
 c - a scroll of fog
 d - a scroll of identify {unknown}
 e - a scroll of enchant armour {unknown}
Potions
 f - a potion of berserk rage {unknown}


   Skills:
 + Level 3.2 Fighting
 - Level 1.7 Polearms
 + Level 0.7 Armour
 + Level 2.1 Dodging
 + Level 4.7 Stealth
 + Level 0.9 Evocations


You had one spell level left.
You didn't know any spells.
Your spell library was empty.

Dungeon Overview and Level Annotations

Branches:
Dungeon (5/15)             Temple (0/1) D:5

Altars:

Shops:
D:3 (*

Annotations:
D:5 2 runed translucent doors


Innate Abilities, Weirdness & Mutations

You may rarely emit foul miasma when damaged in melee.


Message History

You kill the frilled lizard!
No target in view!
No target in view!
No target in view!
No target in view!
No target in view!
A worm comes into view.
An adder and a bat come into view.
The adder hisses angrily.
The bat moves out of view.
You barely miss the adder. The adder misses you. x2
You hit the adder.
The adder is lightly wounded.
The bat hits you but does no damage. The worm closely misses you.
The adder closely misses you.
You closely miss the adder.
The adder is lightly wounded.
The bat closely misses you. The adder closely misses you. The worm bites you!
You hit the adder but do no damage.
The adder is lightly wounded.
The bat barely misses you. The adder bites you but does no damage.
The adder bites you.
You are poisoned.
The adder poisons you!
You are too injured to fight recklessly!
You are too injured to fight recklessly!
You are too injured to fight recklessly!
You are too injured to fight recklessly!
You are too injured to fight recklessly!
You feel sick. The bat hits you but does no damage.
You feel sick.
You hit the worm.
The worm is moderately wounded.
You feel sick.
You barely miss the worm.
The worm is moderately wounded.
You feel sick.
You are no longer poisoned.
The worm bites you!
You die...

#.............#
#
#..#..#.##.#..#
#..#..#.####.#.
#..#.........##
##.#..########
#..##########
#...bSS......
#.##w#.######
#. #@#.# #.
#.#.# #. ....#
#.##.#.# #.
#.#.# ..... ###
##


You could see a worm, an adder and a bat.

Vanquished Creatures
  2 adders
  2 endoplasms
  A giant cockroach (D:3)
  2 frilled lizards
  A rat (D:3)
8 creatures vanquished.

Notes
Turn   | Place    | Note
-------+----------+-------------------------------------------
     0 | D:5      | flotson the Demonspawn Delver began the quest for the Orb.
     0 | D:5      | Reached XP level 1. HP: 18/18 MP: 1/1
    70 | D:5      | Gained mutation: You may rarely emit foul miasma when
                  | damaged in melee. [demonic ancestry]
    70 | D:5      | Reached XP level 2. HP: 22/24 MP: 2/2
    94 | D:5      | Noticed an ogre
   145 | D:5      | Noticed a scorpion
   147 | D:5      | Found a large runed translucent door.
   147 | D:5      | Found a large runed translucent door.
   147 | D:5      | Noticed a yak
   147 | D:5      | Noticed an ogre
   148 | D:5      | Noticed a troll
   160 | D:4      | HP: 1/24 [poisoned by a scorpion]
   165 | D:4      | Noticed a necrophage
   272 | D:3      | Found Atahys's Assorted Antiques.
   457 | D:3      | Found Wothodyne's Weapon Shop.
   479 | D:3      | Noticed a bullfrog
   558 | D:2      | Slain by a worm

Illustrated notes

Levels and vault maps discovered:
D:2:      layout_basic, basic_altar, minmay_misc_feat_alley, minmay_tromino_v4_c
D:3:      layout_basic, lemuel_blue_sif_altar, serial_shops, shop,
          nicolae_shop_stone, shop
D:4:      layout_layer_cave, zin_treasury, gammafunk_ghost_icy,
          nicolae_elevator_lobby_plus, uniq_sigmund
D:5:      layout_loops_corners, mainiacjoe_overflow_large_starburst,
          minmay_temple_entry_butterflies, grunt_ministairs_2,
          minmay_misc_feat_secret_circle, minmay_hollow_rounded_squares

Skill      XL: |  1  2 |
---------------+-------+-----
Dodging        | 2 |  2.1
Fighting       | |  3.2
Polearms       | |  1.7
Armour         | |  0.7
Stealth        | |  4.7
Evocations     | |  0.9

Action                   || total
-------------------------++-------
Melee: Spear             ||    39
  Use: Scroll            ||     2
       Potion            ||     1
 Stab: Sleeping          ||     3
Armor: Leather armour    ||     8
Dodge: Dodged            ||    24

Table legend: (Time is in decaauts)
 A = Elapsed time spent in this place.
 B = Non-inter-level travel time spent in this place.
 C = Inter-level travel time spent in this place.
 D = Time resting spent in this place.
 E = Time spent auto-exploring this place.
 F = Levels seen in this place.
 G = Mean time per level.
                   A        B        C        D        E       F      G
               +--------+--------+--------+--------+--------+-----+--------+
         Total |    540 |    540 |      0 |     83 |    289 |   4 |  135.0 |
       Dungeon |    540 |    540 |      0 |     83 |    289 |   4 |  135.0 |
               +--------+--------+--------+--------+--------+-----+--------+

Top non-repeatable levels by time:
     D:3: 298 daAuts
     D:5: 151 daAuts
     D:2: 75 daAuts
     D:4: 15 daAuts
